Map: Ulrena

Players

ILLBdA - Winner!

  • Race: Protoss Protoss
  • League: Diamond

Orchid

  • Race: Protoss Protoss

VOD

Have the link to the VOD?

Description

Time

  • Played on: Dec. 22, 2015, 11:34 a.m.
  • Length: 6:53
Show
View Real Time Build Order
Export as new Build Order

ILLBdA Protoss - Winner!

Build Orders: Cannon Rush 

Get SALT Encoding   

  12  0:00  Probe (Chrono Boost)  
  13  0:11  Probe (Chrono Boost)  
  14  0:19  Pylon  
  14  0:22  Probe (Chrono Boost)  
  15  0:37  Probe (Chrono Boost)  
  15  0:38  Forge  
  16  0:47  Probe (Chrono Boost)  
  17  0:58  Probe (Chrono Boost)  
  18  1:08  Pylon  
  18  1:09  Probe (Chrono Boost)  
  19  1:15  Gateway  
  19  1:17  Assimilator  
  19  1:28  Photon Cannon  
  19  1:38  Photon Cannon  
  19  1:39  Probe (Chrono Boost)  
  20  1:46  Photon Cannon  
  20  1:50  Probe (Chrono Boost)  
  21  2:01  Probe (Chrono Boost)  
  22  2:05  Cybernetics Core  
  24  2:32  Pylon  
  24  2:39  Mothership Core  
  24  2:45  Assimilator  
  24  2:53  Pylon  
  24  2:56  Pylon  
  24  2:59  Probe  
  25  3:06  Pylon  
  25  3:15  Gateway  
  25  3:26  Stargate  
  25  3:27  Probe  
  26  3:37  Probe  
  26  3:38  Pylon  
  27  3:46  Pylon  
  27  3:49  Probe  
  28  4:02  Cybernetics Core, Probe  
  28  4:07  Stalker (Chrono Boost)  
  31  4:12  Void Ray (Chrono Boost)  
  30  4:53  Void Ray (Chrono Boost)  
  30  4:55  Gateway  
  30  4:57  Gateway  
  30  4:59  Warp Gate (Chrono Boost)  
  34  5:20  Stalker  
  34  5:33  Void Ray (Chrono Boost)  
  38  5:48  Adept  
  38  5:54  Probe  
  38  6:05  Pylon  
  38  6:07  Pylon  
  38  6:09  Pylon  
  38  6:10  Void Ray (Chrono Boost)  
Show
View Real Time Build Order
Export as new Build Order

Orchid Protoss 

Build Orders: Cannon Rush 

Get SALT Encoding   

  12  0:06  Probe (Chrono Boost)  
  13  0:17  Probe (Chrono Boost)  
  14  0:21  Pylon  
  14  0:27  Probe (Chrono Boost)  
  15  0:43  Forge  
  16  0:50  Probe (Chrono Boost)  
  16  0:58  Pylon  
  16  1:08  Pylon  
  16  1:28  Photon Cannon  
  16  1:31  Photon Cannon  
  16  1:37  Photon Cannon  
  16  1:42  Pylon  
  16  1:58  Gateway  
  16  2:03  Photon Cannon  
  16  2:06  Photon Cannon  
  16  2:16  Photon Cannon  
  16  2:21  Photon Cannon  
  16  2:41  Photon Cannon  
  16  2:45  Zealot (Chrono Boost)  
  16  2:48  Pylon  
  18  3:06  Photon Cannon  
  18  3:10  Photon Cannon  
  18  3:11  Zealot (Chrono Boost)  
  20  3:16  Photon Cannon  
  20  3:21  Photon Cannon  
  20  3:25  Photon Cannon  
  20  3:30  Probe  
  20  3:33  Assimilator  
  20  3:34  Zealot (Chrono Boost)  
  22  3:49  Probe  
  22  3:51  Cybernetics Core  
  22  3:53  Assimilator  
  23  4:01  Probe  
  23  4:02  Photon Cannon  
  24  4:13  Probe  
  23  4:25  Probe  
  20  4:49  Probe  
  21  4:57  Stargate  
  21  5:01  Probe  
  21  5:04  Nexus  
  22  5:15  Pylon  
  22  5:22  Mothership Core (Chrono Boost)  
  23  5:38  Pylon  
  22  5:45  Pylon  
Tags
 
League
Diamond
Matchup
PvP
Replay Pack
me
Add a new tag
Caveats
  • Supply blocks, unpowered buildings, or Contaminate may cause inaccurate times.
  • Supply counts are checked every 10 seconds.